 Dungeon Crawl Stone Soup version 0.29-a0-398-ge13fd1374b (webtiles) character file.

Game seed: 16223548208637075972

259 zeratav the Digger (level 6, -2/36 HPs)
             Began as an Octopode Earth Elementalist on May 12, 2022.
             Slain by a goblin
             ... wielding a +0 dagger
             ... led by Robin
              (4 damage)
             ... on level 3 of the Dungeon.
             The game lasted 00:02:25 (3587 turns).

zeratav the Digger (Octopode Earth Elementalist)    Turns: 3587, Time: 00:02:26

Health: -2/36      AC:  1    Str:  7    XL:     6   Next: 17%
Magic:  11/11      EV: 13    Int: 20    God:
Gold:   67         SH:  0    Dex: 12    Spells: 11/12 levels left

rFire   . . .      SeeInvis .   k - +5 scythe (vorpal) {polearm}
rCold   . . .      Faith    .   (shield currently unavailable)
rNeg    + . .      Spirit   .   (helmet restricted)
rPois   .          Reflect  .   (no amulet)
rElec   .          Harm     .   i - ring of positive energy
rCorr   .          Rampage  .   (no ring)
Will    .....                   (no ring)
Stlth   +++.......              (no ring)
HPRegen 0.12/turn               (no ring)
MPRegen 0.12/turn               (no ring)
                                (no ring)
                                (no ring)

@: no status effects
A: almost no armour, amphibious, 8 rings, camouflage 1, gelatinous body 1,
(nimble swimmer 1), tentacles
a: no special abilities


You were on level 3 of the Dungeon.
You visited 1 branch of the dungeon, and saw 3 of its levels.

You collected 67 gold pieces.


Innate Abilities, Weirdness & Mutations

You cannot wear most types of armour.
You are amphibious.
You can wear up to eight rings at the same time.
Your skin changes colour to match your surroundings (Stealth+).
Your rubbery body absorbs attacks. (AC +1, EV +1)
((You are camouflaged when in or above water. (Stealth+)))
You have tentacles for arms and can constrict up to eight enemies at once.


   Skills:
 - Level 2.0 Dodging
 - Level 2.6 Stealth
 + Level 3.6 Spellcasting
 - Level 1.0 Transmutations
 * Level 5.7 Earth Magic


You had 11 spell levels left.
You knew the following spells:

 Your Spells              Type           Power      Damage    Failure   Level
a - Sandblast             Erth           52%        2d12      1%          1

Your spell library contained the following spells:

 Spells                   Type           Power      Damage    Failure   Level
 Passwall                 Tmut/Erth      14%        N/A       4%          2
 Stone Arrow              Conj/Erth      30%        3d8       12%         3
 Petrify                  Tmut/Erth      17%        N/A       32%         4
 Gell's Gravitas          Tloc           3%         N/A       38%         3
 Teleport Other           Tloc           3%         N/A       38%         3
 Dispersal                Tloc           1%         N/A       100%        6

Inventory:

Hand Weapons
 h - a +0 dagger of venom {short}
   (You took it off a kobold on level 1 of the Dungeon)
 k - a +5 vorpal scythe (weapon) {polearm}
   (You took it off Sigmund on level 2 of the Dungeon)
Missiles
 a - 94 stones {throwing}
Jewellery
 i - a ring of positive energy (left tentacle)
   (You found it on level 2 of the Dungeon)
Scrolls
 d - 2 scrolls of blinking {unknown}
 f - 2 scrolls of enchant weapon {unknown}
 j - 2 scrolls of magic mapping {unknown}
 l - a scroll of vulnerability {unknown}
 n - 2 scrolls of identify {unknown}
 o - 2 scrolls of fear {unknown}
Potions
 b - a potion of magic
 c - a potion of curing {unknown}
 e - a potion of haste {unknown}
 g - 2 potions of berserk rage {unknown}
 m - a potion of degeneration {unknown}

Dungeon Overview and Level Annotations

Branches:
Dungeon (3/15)

Altars:

Annotations:
D:3 Robin

#.#
#.#
#.#
###.#
#...#
#.###
#.#
#)#
#@#
#g#
#g#
#g#
#g#
#g#
.g.
###


You could see Robin, 2 hobgoblins and 3 goblins.


Message History

Done exploring.
(D) Dungeon
Where to? (Enter - D:2, ? - help)
You feel yourself speed up.
There is a stone staircase leading down here.
You climb downwards.
There is a stone staircase leading up here.
You now have 67 gold pieces (gained 4).
A goblin comes into view. It is wielding a +0 dagger.
A goblin is nearby!
A goblin comes into view. It is wielding a +0 dagger.
Robin and a hobgoblin come into view.
Robin shouts!
The goblin shouts!
You hear a shout! x5
A goblin comes into view. It is wielding a +0 club.
Robin throws the goblin at you!
You hear a shout!
The goblin shouts!
The hobgoblin shouts!
The goblin shouts!
You slash the goblin!
You kill the goblin!
A goblin comes into view. It is wielding a +0 dagger.
Robin throws the goblin at you!
The goblin unwields a +0 dagger.
The goblin wields a +0 hunting sling.
The goblin shoots a sling bullet.
The sling bullet hits you but does no damage.
Robin throws the goblin at you! The goblin hits you with a dagger. x2
You hit the goblin. You grab the goblin. You constrict the goblin.
You kill the goblin!
Robin throws the goblin at you! The goblin hits you with a +0 dagger.
The goblin hits you with a club.
Robin roars a battlecry!
The goblins go into a battle-frenzy!
The goblin completely misses you.
You are too injured to fight recklessly!
You are too injured to fight recklessly!
You are too injured to fight recklessly!
You are too injured to fight recklessly!
You are too injured to fight recklessly!
You are too injured to fight recklessly!
You are too injured to fight recklessly!
HP[-10]
You take 10 damage, and now have 26/36 hp.
MASSIVE DAMAGE!! (PAUSE)
You are too injured to fight recklessly!
You are too injured to fight recklessly!
You are too injured to fight recklessly!
You are too injured to fight recklessly!
You are too injured to fight recklessly!
You are too injured to fight recklessly!
You are too injured to fight recklessly!
You are too injured to fight recklessly!
You are too injured to fight recklessly!
You are too injured to fight recklessly!
You are too injured to fight recklessly!
You are too injured to fight recklessly!
You are too injured to fight recklessly!
You are too injured to fight recklessly!
You are too injured to fight recklessly!
You are too injured to fight recklessly!
You are too injured to fight recklessly!
You are too injured to fight recklessly!
You slash the goblin!
You kill the goblin!
Robin says, "A pitiful Octopus like you will never find the ORB!"
Robin throws the goblin at you! The goblin misses you.
The goblin closely misses you. The goblin hits you but does no damage.
The goblin barely misses you.
You closely miss the goblin. Your grab misses the goblin.
Your squeeze misses the goblin.
Robin says, "Bow before me, strongest of all the hobgoblins!"
The goblin hits you with a +0 dagger.
The goblin hits you but does no damage. x2
A goblin comes into view. It is wielding a +0 club.
The goblin closely misses you.
HP[-7]
You take 7 damage, and now have 19/36 hp.
You slash the goblin!
You kill the goblin!
Robin throws the goblin at you!
* * * LOW HITPOINT WARNING * * *
The goblin closely misses you. The goblin hits you with a +0 dagger.
* * * LOW HITPOINT WARNING * * *
The goblin hits you with a +0 club.
* * * LOW HITPOINT WARNING * * *
A hobgoblin comes into view.
HP[-9]
You take 9 damage, and now have 10/36 hp.
MASSIVE DAMAGE!! (PAUSE)
You closely miss the goblin. Your grab misses the goblin.
You squeeze the goblin.
You kill the goblin!
The goblin hits you with a +0 dagger.
* * * LOW HITPOINT WARNING * * *
Robin throws the goblin at you!
* * * LOW HITPOINT WARNING * * *
The goblin completely misses you. The goblin hits you with a +0 dagger.
* * * LOW HITPOINT WARNING * * *
You slash the goblin!
You kill the goblin!
The goblin hits you with a +0 dagger.
* * * LOW HITPOINT WARNING * * *
The goblin hits you with a +0 dagger.
You die...

Skill      XL: |  1  2  3 |
---------------+----------+-----
Spellcasting   | 3 |  3.6
Earth Magic    | 5 |  5.7
Dodging        | |  2.0
Stealth        | |  2.6
Transmutations | |  1.0

Action                   |  1- 3 |  4- 6 || total
-------------------------+-------+-------++-------
Melee: Unarmed           |     8 |       ||     8
       Constrict         |    14 |     3 ||    17
       Club              |    44 |       ||    44
       Tentacles         |    10 |     2 ||    12
       Dagger            |     8 |       ||     8
       Scythe            |       |    16 ||    16
 Cast: Sandblast         |    19 |     1 ||    20
 Stab: Sleeping          |     7 |     1 ||     8
Armor: Skin              |    10 |     6 ||    16
Dodge: Dodged            |    43 |    12 ||    55

Levels and vault maps discovered:
D:1:      psy_arrival_statuary, layout_loops_corners,
          dreamdust_ecumenical_altar_drowned_temple
D:2:      layout_basic, uniq_natasha, uniq_sigmund
D:3:      layout_basic, nicolae_uskayaw_en_pointe, amcnicky_mini_pool_small,
          uniq_robin, uniq_jessica, uniq_grinder

Notes
Turn   | Place    | Note
-------+----------+-------------------------------------------
     0 | D:1      | zeratav the Octopode Earth Elementalist began the quest for
                  | the Orb.
     0 | D:1      | Reached XP level 1. HP: 11/11 MP: 3/3
     0 | D:1      | magus.rc [v1.9.6]
   817 | D:1      | Reached XP level 2. HP: 17/17 MP: 5/5
  1127 | D:1      | Found a faded altar of an unknown god.
  1921 | D:1      | Reached XP level 3. HP: 20/21 MP: 6/6
  2304 | D:2      | You add the spells Gell's Gravitas, Teleport Other and
                  | Dispersal to your library.
  2622 | D:2      | Noticed Sigmund
  2631 | D:2      | Killed Sigmund
  2632 | D:2      | Reached skill level 3 in Spellcasting
  2632 | D:2      | Reached skill level 5 in Earth Magic
  2632 | D:2      | Reached XP level 4. HP: 11/27 MP: 2/9
  2632 | D:2      | Reached XP level 5. HP: 13/31 MP: 2/10
  3021 | D:2      | Noticed Natasha
  3026 | D:2      | Killed Natasha
  3253 | D:2      | Reached XP level 6. HP: 29/36 MP: 11/11
  3520 | D:2      | Noticed Natasha
  3526 | D:2      | Killed Natasha
  3579 | D:3      | Noticed Robin
  3586 | D:3      | HP: 7/36 [goblin/+0 dagger[Robin] (3)]
  3587 | D:3      | HP: 2/36 [goblin/+0 dagger[Robin] (3)]
  3587 | D:3      | Slain by a goblin

Vanquished Creatures
  Sigmund (D:2)
  Natasha (twice) (D:2)
  An adder (D:2)
  A worm (D:2)
  5 bats (D:1)
  3 endoplasms
  2 giant cockroaches (D:1)
  3 hobgoblins (D:1)
  A kobold (D:1)
  4 quokkas (D:1)
  A ball python (D:1)
  A frilled lizard (D:1)
  11 goblins
  A rat (D:1)
  A spectral kobold (D:1)
38 creatures vanquished.

Table legend:
 A = Non-vault XP
 B = Vault XP
 C = Vault XP percentage of total XP
 D = Non-vault monster count
 E = Vault monster count
 F = Vault count percentage of total count
                 A         B        C        D         E       F
            +---------+---------+-------+---------+---------+-------
      Total |      98 |     275 |  73.7 |      29 |       9 |  23.7
            +---------+---------+-------+---------+---------+-------
        D:1 |      41 |       1 |   2.4 |      24 |       1 |   4.0
        D:2 |      57 |     262 |  82.1 |       5 |       2 |  28.6
        D:3 |       0 |      12 | 100.0 |       0 |       6 | 100.0
            +---------+---------+-------+---------+---------+-------

Illustrated notes

Table legend:
 A = Kills in this place as a percentage of kills in entire the game.
 B = Kills by you in this place as a percentage of kills by you in the entire game.
 C = Kills by friends in this place as a percentage of kills by friends in the entire game.
 D = Other kills in this place as a percentage of other kills in the entire game.
 E = Experience gained in this place as a percentage of experience gained in the entire game.
 F = Experience gained in this place divided by the number of levels of this place that you have seen.
                   A       B       C       D       E      F
               +-------+-------+-------+-------+-------+----------------------
         Total | 100.0 | 100.0 |   N/A |   N/A | 100.0 | 124.3
       Dungeon | 100.0 | 100.0 |   N/A |   N/A | 100.0 | 124.3
               +-------+-------+-------+-------+-------+----------------------

Table legend: (Time is in decaauts)
 A = Elapsed time spent in this place.
 B = Non-inter-level travel time spent in this place.
 C = Inter-level travel time spent in this place.
 D = Time resting spent in this place.
 E = Time spent auto-exploring this place.
 F = Levels seen in this place.
 G = Mean time per level.
                   A        B        C        D        E       F      G
               +--------+--------+--------+--------+--------+-----+--------+
         Total |   3619 |   3567 |     52 |    175 |   3129 |   3 | 1206.3 |
       Dungeon |   3619 |   3567 |     52 |    175 |   3129 |   3 | 1206.3 |
               +--------+--------+--------+--------+--------+-----+--------+

Top non-repeatable levels by time:
     D:1: 2140 daAuts
     D:2: 1454 daAuts
     D:3: 24 daAuts
